AoeStats
← HR Pinkman

Black Forest

505599906Analyzed
3v3 RM · 21d ago on Sep 10, 2026· 46m 41s· 6 players
Game mode
Random Map
Map size
Normal (6 player)
Population
200
Speed
Normal
Resources
Standard
Victory
Conquest
Starting age
Dark Age
Ending age
Imperial Age
RankedLock teamsTeams togetherTeam positionsShared explorationLock speedFull tech treeHidden civsTurbo modeCheats
Victory
Defeat
🇨🇱 Byzantines · Chile
1787
+6
🇨🇱 Khmer · Chile
1717
+8
🇨🇱 Armenians · Chile
1643
+10
🇺🇸 Slavs · United States
1592
-10
🇹🇼 Malians · Taiwan
1515
-8
🇺🇸 Maya · United States
1472
-6
MooSpecial
0:41 Loom
12:20 Feudal Age
16:08 Castle Age
15:06 Double-Bit Axe
16:09 Horse Collar
17:05 Bow Saw
20:53 Fletching
26:10 Wheelbarrow
27:58 Hand Cart
32:38 Imperial Age
31:37 Scale Barding Armor
31:33 Scale Mail Armor
32:45 Squires
32:07 Pikeman
33:10 Chain Barding Armor
34:25 Two-Man Saw
34:29 Gold Mining
34:29 Stone Mining
34:23 Man-at-Arms
35:34 Chain Mail Armor
36:38 Chemistry
35:07 Long Swordsman
35:59 Forging
35:51 Two-Handed Swordsman
37:02 Plate Mail Armor
36:42 Druzhina
38:42 Iron Casting
38:16 Champion
38:39 Capped Ram
39:59 Conscription
40:58 Blast Furnace
39:53 Siege Ram
44:28 Chemistry
43:48 Ballistics
42:51 Onager
44:30 Gold Shaft Mining
45:12 Heavy Plow
45:51 Siege Engineers
elmor
0:50 Loom
10:42 Feudal Age
10:54 Man-at-Arms
21:59 Castle Age
21:01 Horse Collar
31:33 Wheelbarrow
34:17 Hand Cart
34:16 Murder Holes
34:34 Fortified Wall
34:35 Masonry
35:37 Fletching
39:13 Imperial Age
37:56 Bodkin Arrow
38:25 Scale Barding Armor
39:56 Bloodlines
39:33 Heavy Camel Rider
42:29 Husbandry
46:01 Heavy Plow
45:58 Light Cavalry
47:09 Chain Barding Armor
darwin
0:33 Loom
0:36 Loom
11:48 Feudal Age
15:31 Castle Age
13:40 Double-Bit Axe
14:23 Horse Collar
16:45 Bow Saw
22:22 Wheelbarrow
23:37 Hand Cart
23:24 Stone Mining
25:29 Gold Mining
28:53 Imperial Age
26:20 Fletching
27:24 Heavy Plow
27:28 Bodkin Arrow
27:55 Ballistics
27:54 Padded Archer Armor
29:08 Elite Plumed Archer
29:49 Bracer
30:27 Conscription
30:43 Leather Archer Armor
31:32 Chemistry
32:20 Ring Archer Armor
32:45 Thumb Ring
33:24 Scale Mail Armor
33:35 Forging
36:22 Two-Man Saw
36:09 Stone Shaft Mining
36:23 Chain Mail Armor
36:44 Iron Casting
36:55 Eagle Warrior
37:35 Squires
38:06 Plate Mail Armor
37:39 Caravan
38:16 Elite Eagle Warrior
39:57 Blast Furnace
39:35 Holcans
41:16 Crop Rotation
41:59 Treadmill Crane
43:51 Coinage
43:32 Guilds
42:51 Pikeman
44:49 Halberdier
HR Melodias
8:07 Loom
10:20 Feudal Age
15:10 Castle Age
14:00 Double-Bit Axe
13:57 Horse Collar
16:05 Bow Saw
17:29 Heavy Plow
20:53 Wheelbarrow
24:50 Gold Mining
25:50 Hand Cart
26:22 Hand Cart
29:27 Imperial Age
27:01 Scale Mail Armor
26:23 Man-at-Arms
27:03 Squires
27:10 Stone Mining
27:59 Gold Shaft Mining
27:16 Gambesons
27:48 Stone Mining
27:43 Long Swordsman
28:40 Chain Mail Armor
29:17 Heavy Plow
29:00 Two-Handed Swordsman
29:54 Forging
30:41 Plate Mail Armor
31:22 Iron Casting
30:45 Champion
31:38 Fereters
32:04 Pikeman
32:32 Arson
33:32 Town Watch
34:49 Blast Furnace
34:03 Capped Ram
35:18 Conscription
35:19 Fletching
35:43 Siege Ram
40:23 Bodkin Arrow
41:14 Bracer
41:16 Padded Archer Armor
41:03 Elite Composite Bowman
43:40 Chemistry
43:00 Ballistics
43:26 Leather Archer Armor
HR pikoLein
10:32 Feudal Age
9:52 Loom
13:41 Castle Age
13:51 Double-Bit Axe
15:09 Bow Saw
19:54 Horse Collar
23:48 Stone Mining
25:04 Gold Mining
26:03 Ballistics
25:56 Masonry
27:09 Wheelbarrow
29:00 Hand Cart
29:23 Gold Shaft Mining
31:34 Imperial Age
30:08 Ballistics
31:50 Light Cavalry
32:41 Bloodlines
32:31 Husbandry
31:55 Onager
33:06 Scale Barding Armor
33:06 Hussar
34:22 Chain Barding Armor
35:43 Plate Barding Armor
38:20 Forging
40:17 Iron Casting
42:03 Blast Furnace
43:49 Conscription
43:34 Tusk Swords
43:05 Elite Battle Elephant
HR Pinkman
2:52 Loom
12:25 Feudal Age
14:03 Double-Bit Axe
16:27 Castle Age
14:29 Double-Bit Axe
15:11 Horse Collar
17:26 Bow Saw
18:24 Sanctity
22:13 Redemption
29:01 Wheelbarrow
29:36 Gold Mining
33:58 Heavy Plow
34:35 Ballistics
37:12 Imperial Age
35:06 Hand Cart
35:36 Fletching
35:47 Padded Archer Armor
35:27 Elite Skirmisher
36:50 Bodkin Arrow
37:15 Leather Archer Armor
38:01 Bracer
39:38 Chemistry
40:22 Ring Archer Armor
40:39 Conscription
42:45 Forging
42:44 Caravan
43:34 Murder Holes
Connection lost

Rejoining the realm…

Still unreachable

The connection could not be restored.

Session expired

The server has moved on; the page needs a fresh start.